 Dungeon Crawl Stone Soup version 0.31-a0-1591-g515db51633 (webtiles) character file.

Game seed: 11603782890090972542

6647 munkybalat the Thaumaturge (level 10, -10/55 HPs)
             Began as a Deep Elf Fire Elementalist on Jan 6, 2024.
             Was a Priest of Vehumet.
             Mangled by Harold
             ... wielding a +0 battleaxe
              (17 damage)
             ... on level 9 of the Dungeon.
             The game lasted 00:16:34 (11178 turns).

munkybalat the Thaumaturge (DEFE)                  Turns: 11178, Time: 00:16:35

Health: -10/55     AC: 12    Str: 13    XL:     10   Next: 72%
Magic:  7/27       EV: 13    Int: 25    God:    Vehumet [***...]
Gold:   610        SH:  0    Dex: 20    Spells: 22/31 levels left

rFire   x . .        i - +3 short sword "Goidur" {venom, rF- Will+ Dex+5}
rCold   . . .        (no shield)
rNeg    . . .        h - +3 ring mail "Mokkowkun" {rCorr Str+2 SInv}
rPois   .            e - +1 helmet
rElec   .            A - +0 cloak
rCorr   +            (no gloves)
SInv    +            (no boots)
Will    ++...        x - amulet of regeneration
Stlth   ++           f - +6 ring of strength
HPRegen 1.09/turn    y - ring of flight
MPRegen 0.20/turn

%: no passive effects
@: flying
A: no striking features
a: Renounce Religion


You were on level 9 of the Dungeon.
You worshipped Vehumet.
Vehumet was most pleased with you.
You visited 2 branches of the dungeon, and saw 10 of its levels.
You also visited: Ossuary.

You collected 610 gold pieces.

Inventory:

Hand Weapons
 i - the +3 short sword "Goidur" (weapon) {venom, rF- Will+ Dex+5}
   (You found it on level 2 of the Dungeon)

   Dex+5:     It affects your dexterity (+5).
   rF-:       It makes you vulnerable to fire.
   Will+:     It increases your willpower.
Missiles
 I - 3 throwing nets
Armour
 a - a +0 robe
 e - a +1 helmet (worn)
 h - the +3 ring mail "Mokkowkun" (worn) {rCorr Str+2 SInv}
   (You found it on level 2 of the Dungeon)

   Str+2:     It affects your strength (+2).
   SInv:      It lets you see invisible.
   rCorr:     It protects you from acid and corrosion.
 t - a +0 ring mail of fire resistance
 A - a +0 cloak (worn)
 F - a +1 robe of cold resistance
 G - the +0 scale mail of the Scribe {+Blink Will++}
   (You found it on level 7 of the Dungeon)

   Will++:    It greatly increases your willpower.
   +Blink:    It lets you blink.
Magical Staves
 u - a staff of cold
Jewellery
 f - a +6 ring of strength (left hand)
 x - an amulet of regeneration (around neck)
 y - a ring of flight (right hand)
Wands
 C - a wand of paralysis (7)
 H - a wand of mindburst (8)
Scrolls
 b - 2 scrolls of enchant armour
 c - a scroll of fog
 j - 2 scrolls of noise
 k - 2 scrolls of summoning
 l - a scroll of poison
 m - a scroll of fear
 n - 4 scrolls of teleportation
 r - a scroll of immolation
 s - 3 scrolls of vulnerability
 J - a scroll of silence
Potions
 d - 2 potions of degeneration {unknown}
 g - 2 potions of invisibility {unknown}
 o - a potion of haste {unknown}
 p - 2 potions of mutation {unknown}
 q - a potion of attraction {unknown}
 v - 4 potions of enlightenment {unknown}
 w - 6 potions of might {unknown}
 z - 2 potions of cancellation {unknown}
 B - a potion of berserk rage {unknown}
 D - a potion of lignification {unknown}
 E - 2 potions of curing {unknown}


   Skills:
 + Level 2.8 Fighting
 - Level 1.9 Short Blades
 + Level 6.0 Armour
 + Level 4.8 Dodging
 - Level 2.4 Stealth
 + Level 11.0 Spellcasting
 + Level 6.1 Conjurations
 + Level 9.4 Fire Magic
 + Level 3.1 Air Magic
 + Level 3.4 Alchemy


You had 22 spell levels left.
You knew the following spells:

 Your Spells              Type           Power      Damage    Failure   Level
a - Foxfire               Conj/Fire      100%       2x1d9     1%          1
b - Scorch                Fire           100%       2d9       1%          2
c - Flame Wave            Conj/Fire      52%        2d13      1%          4
d - Mercury Vapours       Alch/Air       60%        N/A       1%          2

Your spell library contained the following spells:

 Spells                   Type           Power      Damage    Failure   Level
 Stone Arrow              Conj/Erth      58%        3d10      2%          3
 Kiss of Death            Conj/Necr      100%       2d13      1%          1
 Inner Flame              Hex/Fire       37%        N/A       1%          3
 Volatile Blastmotes      Fire/Tloc      74%        2d16      1%          3
 Ignite Poison            Fire/Alch      46%        N/A       1%          4
 Cigotuvi's Dreadful Rot  Necr/Alch/Air  48%        N/A       5%          2
 Ensorcelled Hibernation  Hex/Ice        26%        N/A       13%         2
 Lesser Beckoning         Tloc           26%        N/A       13%         2
 Freezing Cloud           Conj/Ice/Air   14%        6-21      17%         5
 Fugue of the Fallen      Necr           13%        N/A       26%         3
 Gell's Gravitas          Tloc           13%        N/A       26%         3
 Teleport Other           Tloc           13%        N/A       26%         3
 Anguish                  Hex/Necr       6%         N/A       65%         4
 Martyr's Knell           Necr/Summ      13%        N/A       65%         4
 Borgnjor's Revivificati  Necr           6%         N/A       100%        8


Dungeon Overview and Level Annotations

Branches:
Dungeon (9/15)             Temple (1/1) D:4         Ossuary (visited)
   Lair: D:8-11         Orc: D:9-12

Altars:
Ashenzari
Cheibriados
Dithmenos
Fedhas
Gozag
Hepliaklqana
Kikubaaqudgha
Makhleb
Nemelex Xobeh
Okawaru
Ru
Sif Muna
Trog
Uskayaw
Vehumet
Yredelemnul
Zin
The Shining One

Shops:
D:4 [   D:8 [

Annotations:
D:9 Harold


Message History

The grasping roots constrict you.
The orc wizard hits you but does no damage.
Unknown command.
Unknown command.
Unknown command.
A wave of flame ripples out!
The flame wave engulfs Harold!
Harold is burned terribly!
Harold is severely wounded.
The flame wave engulfs the orc wizard!!
You kill the orc wizard!
Vehumet accepts your kill.
You feel your power returning.
You finish channelling waves of flame.
Harold hits you but does no damage. The grasping roots constrict you.
A wight comes into view. It is wielding a +0 halberd.
Unknown command.
Unknown command.
Casting: Flame Wave (dangerous; 1% risk of failure)
Confirm with . or Enter, or press ? or * to list all spells.
Casting: Flame Wave (dangerous; 1% risk of failure)
Press: ? - help, Dir - look around, f - activate A wave of flame ripples out!
The flame wave engulfs Harold.
Harold is burned terribly!
Harold is severely wounded. (Press . to intensify the flame waves.) Harold hits you with a +0 battleaxe.
The grasping roots constrict you.
A bullfrog comes into view.
The grasping roots release their grip on you.
Unknown command.
Unknown command.
A wave of flame ripples out!
The flame wave engulfs Harold.
Harold is burned terribly!
Harold is almost dead.
The flame wave engulfs the orc priest!
The orc priest is almost dead.
The centaur wields a +0 orcbow.
The centaur shoots an arrow.
The arrow hits you!
* * * LOW HITPOINT WARNING * * *
Harold hits you with a +0 battleaxe!
You die...
Harold says, "Can't wait to tell my little ones about this."

....##......#
............# ##
............# #.#
........#..######..## #
)........##......... .##
...................#...#
...........#............
#..........#..###.......
##............##@@.#...
.##..............o......
##.................c....
#.......................
........[...........)...
..................####..
..#............Fz## #
..#..............# ..#
...#.....###.#


You could see Harold (combustible), a bullfrog, a centaur, a wight and an orc
priest.

Vanquished Creatures
  A hydra (D:9)
  A two-headed ogre (D:9)
  Maurice (D:9)
  A komodo dragon (D:8)
  Jeremiah (D:9)
  Prince Ribbit (D:5)
  A wyvern (D:9)
  A wraith (D:9)
  Grum (D:9)
  A steam dragon (D:8)
  A water moccasin (D:4)
  An orc warrior (D:7)
  An ice beast (D:5)
  3 sky beasts
  2 ogres
  4 wolves (D:9)
  4 centaurs
  2 phantoms
  A kobold brigand (D:8)
  A gnoll sergeant (D:9)
  2 scorpions
  3 wights
  3 killer bees (D:9)
  2 howler monkeys
  A bombardier beetle (D:4)
  4 bullfrog zombies (Ossuary)
  A hound (D:4)
  A jelly (D:7)
  3 orc priests
  4 gnoll boudas
  4 iguanas
  A sleepcap (D:8)
  Natasha (thrice) (D:3)
  7 orc wizards
  4 crocodile zombies (Ossuary)
  4 hound zombies (Ossuary)
  9 mummies
  6 howler monkey zombies (Ossuary)
  27 gnolls
  7 adders
  4 white imps
  5 dart slugs
  3 ribbon worms
  19 orcs
  4 bats
  7 endoplasms
  7 giant cockroaches
  5 goblins
  3 hobgoblins
  2 jackals (D:5)
  12 kobolds
  2 quokkas
  7 ball pythons
  5 ball python zombies (Ossuary)
  2 frilled lizards (D:1)
  2 kobold zombies (D:6)
  3 rats
218 creatures vanquished.

Vanquished Creatures (others)
  790 foxfires
790 creatures vanquished.

Grand Total: 1008 creatures vanquished

Notes
Turn   | Place    | Note
-------+----------+-------------------------------------------
     0 | D:1      | munkybalat the Deep Elf Fire Elementalist began the quest
                  | for the Orb.
     0 | D:1      | Reached XP level 1. HP: 10/10 MP: 6/6
   258 | D:1      | Reached XP level 2. HP: 15/15 MP: 1/8
   534 | D:1      | Got Zonguldrok's Commentary on Cadavers
   768 | D:1      | Found a faded altar of an unknown god.
  1052 | D:2      | Identified the +3 ring mail "Mokkowkun" {rCorr Str+2 SInv}
  1093 | D:2      | Identified the +3 short sword "Goidur" {venom, rF- Will+
                  | Dex+5}
  1198 | D:2      | Reached XP level 3. HP: 19/19 MP: 3/10
  1202 | D:2      | Learned a level 2 spell: Scorch
  2199 | D:2      | Reached skill level 4 in Spellcasting
  2458 | D:2      | Reached XP level 4. HP: 24/24 MP: 4/12
  3033 | D:3      | Noticed Natasha
  3040 | D:3      | Killed Natasha
  3041 | D:3      | Reached skill level 1 in Armour
  3087 | D:3      | Noticed Natasha
  3092 | D:3      | Killed Natasha
  3550 | D:3      | Noticed Natasha
  3556 | D:3      | Killed Natasha
  3557 | D:3      | Reached XP level 5. HP: 28/28 MP: 9/13
  3706 | D:4      | Learned a level 4 spell: Flame Wave
  3769 | D:4      | Reached skill level 5 in Spellcasting
  3876 | D:4      | Reached XP level 6. HP: 32/32 MP: 8/15
  3880 | D:4      | Reached skill level 1 in Short Blades
  4002 | D:4      | Found a glowing silver altar of Zin.
  4102 | D:4      | Reached skill level 5 in Fire Magic
  4161 | D:4      | Noticed a water moccasin
  4168 | D:4      | Killed a water moccasin
  4375 | D:4      | Found a staircase to the Ecumenical Temple.
  4392 | Temple   | Entered the Ecumenical Temple
  4399 | Temple   | Became a worshipper of Vehumet
  4674 | D:4      | Found a snail-covered altar of Cheibriados.
  4867 | D:4      | Reached skill level 6 in Spellcasting
  4867 | D:4      | Reached XP level 7. HP: 37/37 MP: 6/18
  5106 | D:4      | Found Anyp Rib's Armour Shoppe.
  5201 | D:5      | Entered Level 5 of the Dungeon
  5285 | D:5      | Noticed Prince Ribbit
  5291 | D:5      | Killed Prince Ribbit
  5359 | D:5      | Found an iron altar of Okawaru.
  5372 | D:5      | Identified the +5 ring mail "Idaen" {rN+}
  5401 | D:5      | Reached skill level 7 in Spellcasting
  5551 | D:5      | Reached XP level 8. HP: 42/42 MP: 14/20
  6532 | D:6      | Found a sand-covered staircase.
  6536 | Ossuary  | Entered an ossuary
  6559 | Ossuary  | Reached skill level 8 in Spellcasting
  6572 | Ossuary  | Reached * piety under Vehumet
  6572 | Ossuary  | Offered knowledge of Sandblast by Vehumet.
  7797 | D:6      | Found a glowing golden altar of the Shining One.
  7925 | D:7      | Reached skill level 9 in Spellcasting
  7925 | D:7      | Reached XP level 9. HP: 43/46 MP: 10/24
  7929 | D:7      | Reached ** piety under Vehumet
  7929 | D:7      | Offered knowledge of Static Discharge by Vehumet.
  8610 | D:7      | Identified the +0 scale mail of the Scribe {+Blink Will++}
  8798 | D:7      | Found a sacrificial altar of Ru.
  8967 | D:8      | Reached skill level 10 in Spellcasting
  8971 | D:8      | Offered knowledge of Mercury Vapours by Vehumet.
  9129 | D:8      | Learned a level 2 spell: Mercury Vapours
  9138 | D:8      | Reached skill level 5 in Armour
  9489 | D:8      | Identified the +5 leather armour of the Comet {Harm Stlth+}
  9491 | D:8      | Reached *** piety under Vehumet
  9689 | D:8      | Noticed a komodo dragon
  9701 | D:8      | Killed a komodo dragon
  9702 | D:8      | Reached skill level 1 in Fighting
  9702 | D:8      | Reached skill level 5 in Conjurations
  9702 | D:8      | Reached skill level 1 in Air Magic
  9702 | D:8      | Reached skill level 1 in Alchemy
  9872 | D:8      | Found Ixutufy's Armour Emporium.
 10148 | D:9      | Noticed Grum
 10160 | D:9      | Killed Grum
 10161 | D:9      | Reached XP level 10. HP: 18/53 MP: 8/26
 10297 | D:9      | Noticed Maurice
 10307 | D:9      | Killed Maurice
 10315 | D:9      | Noticed Jeremiah
 10328 | D:9      | Killed Jeremiah
 10456 | D:9      | Noticed a five-headed hydra
 10462 | D:9      | Killed a five-headed hydra
 10717 | D:9      | Found a broken altar of Ashenzari.
 10733 | D:9      | Offered knowledge of Stone Arrow by Vehumet.
 11017 | D:9      | Noticed a two-headed ogre
 11036 | D:9      | Killed a two-headed ogre
 11037 | D:9      | Reached skill level 11 in Spellcasting
 11163 | D:9      | Noticed Harold
 11178 | D:9      | Mangled by Harold

Illustrated notes

Levels and vault maps discovered:
D:1:      matt_arrival_los_fun, layout_basic,
          dreamdust_ecumenical_altar_statues, grunt_decor_resistance,
          minmay_misc_feat_x
D:2:      layout_basic, minmay_tetromino_t4
D:3:      layout_loops_cross, uniq_natasha
D:4:      layout_cave_pods, kennysheep_slug_shrine,
          nicolae_overflow_hidden_temple, minmay_temple_entry_nine_rooms,
          serial_shops, nicolae_shop_crystal
D:5:      layout_loops_corners, mainiacjoe_overflow_boulevard,
          uniq_prince_ribbit1
D:6:      layout_loops_ring, mainiacjoe_overflow_alcove_1,
          nicolae_ossuary_entry_giza
D:7:      layout_cave_pools, nicolae_ru_awakened_eye
D:8:      layout_loops_ring, serial_shops, nicolae_square_shop
D:9:      layout_cave_pools, marbit_many_paths,
          mainiacjoe_overflow_surrounded_room, nrook_loot_triangle,
          minmay_alternating_orb, uniq_maurice, uniq_harold, uniq_jeremiah,
          uniq_grum
Temple:   nicolae_temple_ecumenical_triangle

Skill      XL: |  1  2  3  4  5  6  7  8  9 10 |
---------------+-------------------------------+-----
Fire Magic     | 4 5 6 7 8 9 |  9.4
Spellcasting   | 4 5 6 7 9 10 11 | 11.0
Conjurations   | 2 3 4 5 6 |  6.1
Armour         | 1 2 3 4 5 6 |  6.0
Short Blades   | 1 |  1.9
Fighting       | 1 2 |  2.8
Air Magic      | 1 3 |  3.1
Alchemy        | 1 3 |  3.4
Dodging        | 3 4 |  4.8
Stealth        | |  2.4

Action                     |  1- 3 |  4- 6 |  7- 9 | 10-12 || total
---------------------------+-------+-------+-------+-------++-------
  Melee: Short sword       |       |    15 |    35 |       ||    50
         Punch             |       |       |     1 |       ||     1
   Cast: Foxfire           |   106 |   104 |   191 |    77 ||   478
         Scorch            |     7 |     3 |    96 |    19 ||   125
         Flame Wave        |       |       |    16 |     7 ||    23
    Use: Scroll            |       |       |    12 |       ||    12
         Potion            |       |       |     1 |       ||     1
 Armour: Robe              |     5 |       |       |       ||     5
         Ring mail         |     9 |    15 |    88 |    21 ||   133
  Dodge: Dodged            |    10 |     3 |    67 |    12 ||    92

Table legend: (Time is in decaauts)
 A = Elapsed time spent in this place.
 B = Non-inter-level travel time spent in this place.
 C = Inter-level travel time spent in this place.
 D = Time resting spent in this place.
 E = Time spent auto-exploring this place.
 F = Levels seen in this place.
 G = Mean time per level.
                   A        B        C        D        E       F      G
               +--------+--------+--------+--------+--------+-----+--------+
         Total |  11183 |  10857 |    326 |   1323 |   7959 |  11 | 1016.6 |
       Dungeon |  10384 |  10058 |    326 |   1003 |   7669 |   9 | 1153.8 |
        Temple |     14 |     14 |      0 |      0 |      0 |   1 |   14.0 |
       Ossuary |    784 |    784 |      0 |    320 |    290 |   1 |  784.0 |
               +--------+--------+--------+--------+--------+-----+--------+

Top non-repeatable levels by time:
     D:2: 1834 daAuts
     D:4: 1536 daAuts
     D:8: 1526 daAuts
     D:5: 1174 daAuts
     D:6: 1150 daAuts
     D:1: 1045 daAuts
 Ossuary: 784 daAuts
     D:3: 768 daAuts
     D:9: 734 daAuts
     D:7: 613 daAuts
  Temple: 14 daAuts
